 Dungeon Crawl Stone Soup version 0.25-a0-719-gde951dce62 (webtiles) character file.

Game seed: 15508901059040459507, levelgen mode: deterministic

12 kae the Ruffian (level 2, -1/23 HPs)
             Began as a Draconian Transmuter on Apr 6, 2020.
             Slain by a dart slug (2 damage)
             ... on level 1 of the Dungeon.
             The game lasted 00:00:17 (183 turns).

kae the Ruffian (Draconian Transmuter)               Turns: 183, Time: 00:00:18

Health: -1/23      AC:  4    Str: 12    XL:     2   Next: 20%
Magic:  0/1        EV: 12    Int: 13    God:
Gold:   58         SH:  0    Dex: 11    Spells: 4/5 levels left

rFire    . . .     SeeInvis .   e - +1 mace (antimagic)
rCold    . . .     Gourm    .   (no shield)
rNeg     . . .     Faith    .   (armour unavailable)
rPois    .         Spirit   .   (helmet restricted)
rElec    .         Reflect  .   (no cloak)
rCorr    .         Harm     .   (no gloves)
MR       .....                  (boots currently unavailable)
Stlth    +.........             (no amulet)
HPRegen  0.07/turn              (no ring)
MPRegen  0.07/turn              (no ring)

@: appendage (expiring)
A: unfitting armour, talons 3, cold-blooded, AC +4
a: End Transformation


You were on level 1 of the Dungeon.
You were not hungry.
You had grown temporary talons.
You visited 1 branch of the dungeon, and saw 1 of its levels.

You collected 58 gold pieces.

Inventory:

Hand Weapons
 e - a +1 antimagic mace (weapon)
Missiles
 a - 27 arrows
Potions
 b - a potion of might {unknown}
 d - a potion of curing {unknown}
Comestibles
 c - 2 rations


   Skills:
 - Level 1.1 Fighting
 - Level 1.7 Dodging
 * Level 3.3 Unarmed Combat
 + Level 2.2 Spellcasting
 + Level 2.2 Transmutations


You had 4 spell levels left.
You knew the following spells:

 Your Spells              Type           Power        Failure   Level  Hunger
a - Beastly Appendage     Tmut           #.....       10%         1    ##.....

Your spell library contained the following spells:

 Spells                   Type           Power        Failure   Level  Hunger
 Sticks to Snakes         Tmut           #.......     16%         2    ###....
 Spider Form              Tmut/Pois      #.........   43%         3    ####...
 Ice Form                 Ice/Tmut       #.......     83%         4    #####..
 Blade Hands              Tmut           #.........   95%         5    ######.


Dungeon Overview and Level Annotations

Branches:
Dungeon (1/15)

Altars:


Innate Abilities, Weirdness & Mutations

Your plain brown scales are hard. (AC +4)
You cannot fit into any form of body armour.
You are cold-blooded and may be slowed by cold attacks.
You have claws for feet.


Message History

You hit the dart slug.
The dart slug is heavily wounded.
The dart slug barely misses you.
Casting: Beastly Appendage (safe; 10% risk of failure)
Confirm with . or Enter, or press ? or * to list all spells.
Your feet morph into talons.
The dart slug closely misses you.
The frilled lizard hisses angrily.
The dart slug launches a dart at you. The slug dart misses you.
You hit the dart slug.
The dart slug is heavily wounded.
Your transformation is almost over.
The frilled lizard unfolds its giant frill.
The dart slug bites you.
* * * LOW HITPOINT WARNING * * *
You completely miss the dart slug.
You claw the dart slug, but do no damage.
The dart slug is heavily wounded.
The dart slug bites you.
You die...

#.#####.### #.#.. ....#
####.#.# #.#.#
..##.#.###.#.###.#
###.##.#.##.........
......#.....#.#+###
######.###...##.#.+
#....w......###.#.#####
....#@.).#†# #.+....'.
. #.##.#)# #.#.#####
#l##.#.# #.#.#....
..##.#.# #.###....
...#..#.# #.+ #.<>.
....#.##.# #.#+#....
.....#. #.. #.#.'....
......# #.# #.#.#+###
(.....## #.. #.'....#.


You could see a dart slug and a frilled lizard.

Vanquished Creatures
  3 goblins (D:1)
  3 hobgoblins (D:1)
  A kobold (D:1)
  A ball python (D:1)
  2 bats (D:1)
  A frilled lizard (D:1)
11 creatures vanquished.

Notes
Turn   | Place    | Note
-------+----------+-------------------------------------------
     0 | D:1      | kae the Draconian Transmuter began the quest for the Orb.
     0 | D:1      | Reached XP level 1. HP: 16/16 MP: 3/3
   121 | D:1      | Reached XP level 2. HP: 23/23 MP: 3/5
   182 | D:1      | HP: 1/23 [dart slug (3)]
   183 | D:1      | Slain by a dart slug

Levels and vault maps discovered:
D:1:      shiori_arrival_maze, layout_basic

Action                   || total
-------------------------++-------
Melee: Unarmed           ||    24
       Tailslap          ||     2
       Kick              ||     2
       Headbutt          ||     1
       Mace              ||    11
 Cast: Beastly Appendage ||     6
Armor: Skin              ||     6
Dodge: Dodged            ||    31

Table legend:
 A = Non-vault XP
 B = Vault XP
 C = Vault XP percentage of total XP
 D = Non-vault monster count
 E = Vault monster count
 F = Vault count percentage of total count
                 A         B        C        D         E       F
            +---------+---------+-------+---------+---------+-------
      Total |      17 |       1 |   5.6 |      10 |       1 |   9.1
            +---------+---------+-------+---------+---------+-------
        D:1 |      17 |       1 |   5.6 |      10 |       1 |   9.1
            +---------+---------+-------+---------+---------+-------
